AoeStats
← JamesNewstedd

Black Forest

507994187Analyzed
3v3 RM · 12d ago on Sep 20, 2026· 30m 26s· 6 players
Game mode
Random Map
Map size
Normal (6 player)
Population
200
Speed
Normal
Resources
Standard
Victory
Conquest
Starting age
Dark Age
Ending age
Imperial Age
RankedLock teamsTeams togetherTeam positionsShared explorationLock speedFull tech treeHidden civsTurbo modeCheats
Victory
Defeat
🇬🇧 Bulgarians · United Kingdom
1662
+11
🇭🇰 Cumans · Hong Kong SAR China
1458
+19
🇫🇮 Ethiopians · Finland
1398
+23
🇩🇪 Italians · Germany
1583
-19
🇩🇪 Slavs · Germany
1567
-19
🇩🇪 Mapuche · Germany
1470
-15
Öl1ng
0:54 Loom
12:18 Feudal Age
12:30 Feudal Age
13:55 Double-Bit Axe
16:49 Castle Age
21:45 Imperial Age
20:09 Fletching
20:06 Horse Collar
20:55 Bodkin Arrow
23:33 Chemistry
23:33 Gold Mining
105er.James Newstedd
0:47 Loom
13:00 Feudal Age
17:29 Castle Age
28:53 Wheelbarrow
JamesNewstedd
12:11 Feudal Age
16:12 Castle Age
14:14 Double-Bit Axe
14:21 Horse Collar
17:07 Wheelbarrow
17:03 Bow Saw
17:16 Heavy Plow
24:12 Hand Cart
24:13 Gold Mining
29:39 Imperial Age
27:32 Masonry
27:40 Scale Mail Armor
28:39 Gold Shaft Mining
27:55 Stone Mining
28:33 Pikeman
29:14 Squires
29:13 Loom
30:12 Halberdier
JustAGecko
0:42 Loom
12:50 Feudal Age
16:35 Castle Age
14:49 Double-Bit Axe
15:11 Horse Collar
18:04 Bow Saw
20:28 Fletching
22:38 Bodkin Arrow
25:54 Wheelbarrow
25:27 Heavy Plow
25:44 Scale Barding Armor
26:42 Squires
27:30 Hand Cart
27:03 Town Watch
28:13 Gold Mining
28:13 Stone Mining
29:20 Chain Barding Armor
I Love Boobs
0:46 Loom
9:46 Feudal Age
14:50 Castle Age
13:19 Double-Bit Axe
16:04 Bow Saw
24:20 Fortified Wall
25:25 Horse Collar
27:26 Wheelbarrow
30:36 Imperial Age
28:45 Thumb Ring
28:01 Crossbowman
30:25 Ballistics
113152737
9:05 Feudal Age
11:42 Double-Bit Axe
12:42 Horse Collar
19:20 Castle Age
18:43 Scale Barding Armor
19:47 Bloodlines
20:34 Wheelbarrow
20:27 Bow Saw
21:24 Chain Barding Armor
21:20 Capped Ram
25:21 Forging
26:43 Hand Cart
28:59 Loom
Connection lost

Rejoining the realm…

Still unreachable

The connection could not be restored.

Session expired

The server has moved on; the page needs a fresh start.